AoeStats
← Bear

African Clearing

510780374Analyzed
4v4 RM · 7h ago on Oct 2, 2026· 58m 9s· 8 players
Game mode
Random Map
Map size
Large (8 player)
Population
200
Speed
Normal
Resources
Standard
Victory
Conquest
Starting age
Dark Age
Ending age
Imperial Age
RankedLock teamsTeams togetherTeam positionsShared explorationLock speedFull tech treeHidden civsTurbo modeCheats
Victory
Defeat
🇭🇰 Varangians · Hong Kong SAR China
1361
+15
🇦🇷 Vikings · Argentina
1351
+15
🇭🇰 Mongols · Hong Kong SAR China
1254
+20
🇨🇳 Cumans · China
1251
+20
🇨🇳 Varangians · China
1366
-19
🇭🇰 Wei · Hong Kong SAR China
1320
-17
🇨🇳 Burgundians · China
1316
-17
🇲🇽 Huns · Mexico
1315
-17
Agro
13:19 Feudal Age
13:47 Double-Bit Axe
15:38 Loom
18:30 Castle Age
28:35 Fletching
30:53 Bodkin Arrow
33:16 Husbandry
33:28 Forging
35:46 Scale Barding Armor
37:34 Iron Casting
37:20 Chain Barding Armor
39:18 Padded Archer Armor
42:33 Ballistics
44:19 Leather Archer Armor
44:29 Bow Saw
46:51 Imperial Age
45:56 Bloodlines
47:29 Thumb Ring
48:08 Parthian Tactics
47:09 Heavy Cavalry Archer
49:32 Chemistry
49:04 Bracer
50:40 Light Cavalry
51:56 Plate Barding Armor
52:22 Blast Furnace
56:05 Conscription
Aker Starlight
6:54 Loom
14:40 Feudal Age
15:09 Double-Bit Axe
21:15 Castle Age
20:50 Bloodlines
20:25 Horse Collar
24:31 Wheelbarrow
30:42 Forging
31:15 Bow Saw
33:36 Gold Mining
33:36 Stone Mining
36:20 Scale Barding Armor
36:53 Heavy Plow
37:53 Iron Casting
37:41 Fletching
41:08 Imperial Age
40:02 Chain Barding Armor
41:05 Bodkin Arrow
41:14 Husbandry
41:02 Elite Skirmisher
42:27 Bracer
44:23 Blast Furnace
44:31 Padded Archer Armor
45:18 Crop Rotation
46:08 Leather Archer Armor
45:39 Elite Tiger Cavalry
48:48 Light Cavalry
50:24 Ballistics
51:05 Chemistry
53:14 Masonry
53:42 Ring Archer Armor
52:34 Hussar
52:40 Hussar
58:08 Ming Guang Armor
58:19 Hoardings
57:51 Tuntian
恩底弥翁之鹰
3:15 Loom
14:27 Feudal Age
20:16 Castle Age
18:47 Fletching
20:08 Double-Bit Axe
20:13 Horse Collar
21:11 Wheelbarrow
21:09 Husbandry
25:18 Fishing Lines
26:33 Bodkin Arrow
28:45 Bow Saw
28:54 Gillnets
29:14 Heavy Plow
29:57 Ballistics
33:28 Gold Mining
37:48 Imperial Age
35:37 Hand Cart
36:05 Padded Archer Armor
36:06 Vendel Legacy
37:07 Leather Archer Armor
37:06 Bloodlines
37:30 Pikeman
38:06 Cranequins
39:12 Conscription
40:45 Bracer
42:09 Chemistry
41:45 Heavy Mounted Crossbowman
51:54 Conscription
帝国孙笑川
2:30 Double-Bit Axe
4:32 Loom
13:32 Feudal Age
17:53 Castle Age
17:28 Bow Saw
21:35 Horse Collar
26:02 Squires
26:03 Pikeman
28:44 Wheelbarrow
28:09 Gold Mining
30:08 Scale Mail Armor
30:50 Hand Cart
31:19 Chain Mail Armor
34:50 Imperial Age
32:31 Husbandry
32:48 Heavy Plow
33:03 Scale Barding Armor
33:12 Forging
32:54 Town Watch
34:29 Iron Casting
33:50 Stone Mining
34:40 Gold Shaft Mining
34:38 Crop Rotation
34:55 Halberdier
36:54 Plate Mail Armor
37:04 Stone Shaft Mining
37:52 Chemistry
38:38 Conscription
37:53 Elite Skirmisher
39:51 Cavalier
40:37 Scale Barding Armor
41:10 Paladin
42:30 Chain Barding Armor
43:58 Coinage
45:50 Banking
46:52 Fletching
48:04 Blast Furnace
47:39 Plate Barding Armor
49:17 Ballistics
49:27 Burgundian Vineyards
49:43 Town Patrol
51:21 Bodkin Arrow
51:27 Padded Archer Armor
Bear
4:31 Loom
5:05 Loom
15:07 Feudal Age
16:33 Double-Bit Axe
20:13 Padded Archer Armor
25:21 Fletching
29:26 Castle Age
29:54 Crossbowman
32:22 Pikeman
33:02 Squires
33:54 Leather Archer Armor
35:21 Bodkin Arrow
35:48 Ballistics
35:27 Treadmill Crane
37:04 Horse Collar
37:35 Bow Saw
38:23 Scale Mail Armor
38:43 Heavy Plow
38:34 Gold Mining
43:36 Imperial Age
43:45 Arbalester
44:30 Bracer
44:33 Murder Holes
46:05 Chemistry
46:56 Chain Mail Armor
47:33 Man-at-Arms
48:58 Long Swordsman
49:59 Two-Handed Swordsman
53:10 Elite Skirmisher
naturalandre12
3:57 Loom
14:16 Feudal Age
17:05 Bloodlines
21:59 Forging
24:59 Wheelbarrow
27:49 Castle Age
26:56 Scale Mail Armor
27:12 Gold Mining
27:14 Stone Mining
28:01 Pikeman
30:15 Fletching
31:12 Double-Bit Axe
33:55 Husbandry
34:28 Bodkin Arrow
34:34 Padded Archer Armor
36:37 Gold Shaft Mining
36:34 Leather Archer Armor
42:35 Ballistics
43:48 Hand Cart
43:51 Light Cavalry
46:15 Bow Saw
50:50 Scale Barding Armor
51:21 Iron Casting
50:59 Nomads
52:04 Chain Barding Armor
52:54 Town Watch
58:07 Imperial Age
302
13:56 Feudal Age
17:50 Castle Age
15:38 Double-Bit Axe
15:34 Horse Collar
15:51 Loom
19:02 Bow Saw
19:28 Wheelbarrow
25:01 Heavy Plow
25:53 Forging
26:10 Fletching
27:12 Town Watch
32:52 Imperial Age
31:08 Bodkin Arrow
31:20 Scale Barding Armor
33:27 Bloodlines
33:47 Husbandry
34:00 Vendel Legacy
37:08 Ballistics
38:25 Iron Casting
38:12 Murder Holes
39:18 Chemistry
38:51 Elite Jarl
40:11 Hand Cart
40:41 Conscription
40:20 Elite Varangian Guard
40:45 Arson
41:01 Squires
41:02 Scale Mail Armor
41:22 Bracer
41:52 Light Cavalry
44:38 Blast Furnace
45:19 Town Patrol
46:20 Two-Man Saw
46:19 Chain Mail Armor
46:58 Chain Barding Armor
46:55 Gambesons
47:41 Plate Mail Armor
51:43 Plate Barding Armor
50:30 Hussar
57:31 Gold Mining
57:33 Stone Mining
ppeng
4:51 Loom
7:13 Loom
12:34 Feudal Age
13:22 Double-Bit Axe
15:58 Wheelbarrow
15:29 Horse Collar
18:11 Gold Mining
22:50 Castle Age
22:10 Forging
21:50 Town Watch
22:35 Scale Barding Armor
22:44 Bloodlines
25:44 Iron Casting
28:23 Heavy Plow
28:18 Fletching
30:13 Stone Mining
30:50 Bow Saw
31:10 Bodkin Arrow
32:57 Hand Cart
36:15 Imperial Age
34:26 Chain Barding Armor
34:06 Padded Archer Armor
34:44 Masonry
35:06 Padded Archer Armor
35:17 Thumb Ring
35:51 Steppe Husbandry
37:06 Leather Archer Armor
37:48 Crop Rotation
37:55 Murder Holes
39:10 Two-Man Saw
38:45 Conscription
39:29 Gold Shaft Mining
39:32 Ring Archer Armor
40:00 Elite Kipchak
40:36 Elite Skirmisher
41:55 Ballistics
42:35 Chemistry
42:45 Plate Barding Armor
43:11 Blast Furnace
42:03 Cavalier
43:11 Conscription
43:17 Scale Mail Armor
44:56 Pikeman
45:37 Squires
45:23 Arson
46:07 Halberdier
47:12 Paladin
51:12 Cuman Mercenaries
55:20 Parthian Tactics
56:21 Elite Kipchak
58:39 Hoardings
Connection lost

Rejoining the realm…

Still unreachable

The connection could not be restored.

Session expired

The server has moved on; the page needs a fresh start.